 Dungeon Crawl Stone Soup version 0.19.4 (webtiles) character file.

53890 JeffiDaFish the Destroyer (level 14, -1/106 HPs)
             Began as a Demonspawn Venom Mage on Feb 2, 2017.
             Was the Champion of Vehumet.
             Shot with an arrow by a centaur warrior (6 damage)
             ... on level 14 of the Dungeon.
             The game lasted 01:32:50 (22815 turns).

JeffiDaFish the Destroyer (Demonspawn Venom Mage)  Turns: 22815, Time: 01:32:51

Health: -1/106     AC: 14    Str: 11    XL:     14   Next: 32%
Magic:  3/29       EV: 18    Int: 18    God:    Vehumet [******]
Gold:   1484       SH:  6    Dex: 21    Spells: 6 memorised, 12 levels left

rFire  . . .     SeeInvis .     k - +8 demon whip (elec)
rCold  . . .     Gourm    .     I - +0 mottled dragon scales
rNeg   . . .     Faith    +     j - +0 buckler
rPois  +         Spirit   .     F - +2 hat
rElec  .         Reflect  .     s - +2 cloak {+Inv}
rCorr  .         Harm     .     x - +1 pair of gloves
MR     +....                    v - +0 pair of boots
Stlth  +++.......               m - amulet of faith
                                e - ring of poison resistance
                                q - +4 ring of evasion

@: very slightly contaminated, hasted, very quick
A: horns 2, thin skeletal structure 2, foul stench 2, sense surroundings 1,
spiny 1, strong 1, rot immunity
a: Renounce Religion, Evoke Invisibility


You were on level 14 of the Dungeon.
You worshipped Vehumet.
Vehumet was exalted by your worship.
You were near starving.

You visited 3 branches of the dungeon, and saw 22 of its levels.
You also visited: Bailey.

You collected 1484 gold pieces.

Inventory:

Hand Weapons
 k - a +8 demon whip of electrocution (weapon)
Armour
 j - a +0 buckler (worn)
 s - a +2 cloak of invisibility (worn)
 v - a +0 pair of boots (worn)
 x - a +1 pair of gloves (worn)
 F - a +2 hat (worn)
 I - +0 mottled dragon scales (worn)
Jewellery
 e - a ring of poison resistance (right hand)
 m - an amulet of faith (around neck)
 q - a +4 ring of evasion (left hand)
 E - the ring of Urghonke {*Tele rElec rC+++ SInv}
   (You found it on level 11 of the Dungeon)

   [ring of teleportation]

   It may teleport you next to monsters.
   It renders you almost immune to cold.
   It insulates you from electricity.
   It lets you see invisible.
Wands
 d - a wand of teleportation (1/9)
 l - a wand of teleportation (0/9)
 G - a wand of flame (15/48)
Scrolls
 o - 3 scrolls of amnesia
 p - 3 scrolls of magic mapping
 r - 8 scrolls of remove curse
 t - 8 scrolls of identify
 y - 3 scrolls of fear
 B - 5 scrolls of recharging
Potions
 u - a potion of haste
 z - a potion of brilliance
 A - 2 potions of resistance
 C - a potion of flight
 D - a potion of might
Books
 b - a Young Poisoner's Handbook

   Spells                             Type                      Level
   a - Sting                          Conjuration/Poison           1
   b - Mephitic Cloud                 Conjuration/Poison/Air       3
   c - Olgreb's Toxic Radiance        Poison                       4
   d - Alistair's Intoxication        Transmutation/Poison         5
   e - Venom Bolt                     Conjuration/Poison           5
 f - a book of Enchantments

   Spells                             Type                      Level
   a - Cause Fear                     Hexes                        4
   b - Yara's Violent Unravelling     Hexes/Transmutation          5
   c - Silence                        Hexes/Air                    5
   d - Deflect Missiles               Charms/Air                   6
   e - Discord                        Hexes                        8
 g - a book of Summonings

   Spells                             Type                      Level
   a - Recall                         Summoning/Translocation      3
   b - Aura of Abjuration             Summoning                    5
   c - Summon Demon                   Summoning                    5
   d - Summon Forest                  Summoning/Translocation      5
   e - Summon Mana Viper              Hexes/Summoning              5
   f - Shadow Creatures               Summoning                    6
Comestibles
 a - 21 fruits
 c - 14 bread rations
 h - 4 beef jerkies
 n - 13 meat rations
 w - 2 slices of pizza


   Skills:
 + Level 8.9 Fighting
 + Level 7.5 Maces & Flails
 + Level 4.0 Dodging
 - Level 1.9 Stealth
 - Level 4.1 Shields
 * Level 11.8 Spellcasting
 * Level 12.1 Conjurations
   Level 1.6 Hexes
 + Level 8.2 Air Magic
 + Level 9.4 Poison Magic
 + Level 2.0 Evocations


You had 12 spell levels left.
You knew the following spells:

 Your Spells              Type           Power        Failure   Level  Hunger
a - Sting                 Conj/Pois      ####         1%          1    None
b - Mephitic Cloud        Conj/Pois/Air  #####...     1%          3    None
c - Olgreb's Toxic Radia  Pois           #####...     1%          4    ##.....
d - Venom Bolt            Conj/Pois      #####.....   1%          5    ####...
e - Conjure Ball Lightni  Conj/Air       #####.....   7%          6    ######.
f - Lightning Bolt        Conj/Air       #####.....   1%          5    ####...


Dungeon Overview and Level Annotations

Branches:
Dungeon (15/15)            Temple (1/1) D:7            Lair (6/6) D:9
 Shoals (0/4) Lair:3        Snake (0/4) Lair:3        Slime (0/5) Lair:5
    Orc (0/2) D:12
 Vaults: D:13-14     Depths: D:15

Altars:
Ashenzari
Cheibriados
Dithmenos
Elyvilon
Fedhas
Gozag
Hepliaklqana
Kikubaaqudgha
Makhleb
Nemelex Xobeh
Okawaru
Qazlal
Ru
Sif Muna
Trog
Uskayaw
Vehumet
Xom
Yredelemnul
Zin
The Shining One
Beogh

Annotations:
Lair:4 exclusion: oklob plant


Innate Abilities, Weirdness & Mutations

You have a pair of horns on your head.
You have a moderately thin skeletal structure. (Dex +4, Stealth+)
You frequently emit foul miasma when damaged in melee.
You are partially covered in sharp spines.
You are immune to rotting.
You passively map a small area around you.
Your muscles are strong. (Str +2)


Message History

The centaur warrior is engulfed in noxious fumes.
The centaur warrior appears confused.
The centaur shoots an arrow.
The arrow barely misses you.
The centaur shoots an arrow.
The arrow hits you.
* * * LOW HITPOINT WARNING * * *
You see here 2 arrows.
A vault guard comes into view. It is wielding an enchanted halberd.
The centaur shoots an arrow.
The arrow misses you.
You see here an arrow.
A tengu warrior comes into view. It is wielding a long sword.
The centaur shoots an arrow.
You block the arrow.
You see here an arrow.
The vault guard hits you from afar with an enchanted halberd!
* * * LOW HITPOINT WARNING * * *
An eye of draining comes into view.
You see here 2 arrows.
The centaur shoots an arrow.
The arrow misses you.
You see here 2 arrows.
The centaur warrior shoots an arrow.
The arrow hits you.
You die...

.* #.##.##(##(### * * *
#.##.##(##...##
..###.....)Fcc....###
,,, ,
...'........†##.9....##
...######....##.c.(.(.#,
, . #...)(.†..((#.....
###†)##.##(## #... ,
##.##.##.# .. #...@((.#
# * * ####.#'##..#
...)?....p.# *
...........# * , ,
...........# ,
...........# *, *
......(....#
.......).G.# ,
...........#*


You could see a centaur warrior, a gargoyle and a centaur.

Vanquished Creatures
  The ghost of KyraPupper the Slicer, a journeyman HuFi (Bailey)
  3 centaur warriors
  2 vault guards (D:14)
  2 hydras
  The ghost of unrecovered the Cruncher, a journeyman GrGl of Ashenzari (D:10)
  Erica (D:10)
  A catoblepas (D:14)
  Urug (Lair:3)
  A fire crab (Lair:6)
  3 hill giants
  An oklob plant (Lair:5)
  2 ugly things
  A cyclops (shapeshifter) (D:14)
  A manticore (D:12)
  3 cyclopes
  7 black mambas
  A centaur zombie (D:14)
  6 elephants (Lair:4)
  3 centaur skeletons
  10 spiny frogs
  A gargoyle (D:12)
  A rime drake (Lair:4)
  A komodo dragon (D:13)
  A merfolk (D:12)
  A troll (D:12)
  3 two-headed ogres
  Grinder (D:6)
  4 hornets
  13 blink frogs
  4 polar bears (Lair:6)
  2 meliai zombies
  11 slime creatures
  13 hippogriffs
  3 wraiths
  10 spriggans (Lair:6)
  A wyvern (D:12)
  2 redbacks (Lair:6)
  39 yaks
  A vampire (D:13)
  A basilisk (Lair:2)
  A mottled dragon (D:12)
  5 hungry ghosts
  11 water moccasins
  13 porcupines
  3 eyes of draining
  4 sky beasts (D:5)
  2 ice beasts (D:8)
  18 orc warriors
  A necrophage (D:7)
  A phantom (D:4)
  4 black bears (Lair:6)
  11 ogres
  30 wolves
  4 boggarts (Lair:6)
  6 centaurs
  12 crocodiles
  6 big kobolds
  15 bullfrogs
  A wyvern zombie (D:10)
  2 scorpions (D:12)
  14 wights
  4 howler monkeys
  8 crimson imps
  A quasit (D:6)
  A bullfrog zombie (D:8)
  6 hounds
  4 jellies
  13 orc priests
  2 bullfrog skeletons
  5 iguanas
  8 orc wizards
  A hell rat (Lair:2)
  2 worker ants
  2 hound skeletons
  A worker ant zombie (D:8)
  14 adders
  14 river rats
  2 shadow imps
  5 oozes (Lair:5)
  An adder zombie (D:5)
  3 adder skeletons
  3 worms
  A dart slug (D:1)
  7 leopard geckos
  64 orcs
  A ball python (D:5)
  12 bats
  5 giant cockroaches
  12 goblins
  2 hobgoblins
  4 jackals (D:9)
  19 kobolds
  6 quokkas
  5 frilled lizards
  4 quokka skeletons
  A quokka zombie (D:9)
  19 rats
  3 butterflies (Lair:1)
  A plant (D:15)
594 creatures vanquished.

Vanquished Creatures (others)
  A deep elf mage (D:12)
  8 ball lightnings
  A troll (D:12)
  A water moccasin (Lair:5)
  2 centaurs (D:12)
  A jelly (D:12)
  An orc priest (D:12)
  A worker ant (D:12)
  An orc (D:12)
  6 plants
23 creatures vanquished.

Grand Total: 617 creatures vanquished

Notes
Turn   | Place    | Note
-------+----------+-------------------------------------------
     0 | D:1      | JeffiDaFish the Demonspawn Venom Mage began the quest for the Orb.
     0 | D:1      | Reached XP level 1. HP: 13/13 MP: 3/3
   546 | D:1      | Gained mutation: You have a somewhat thin skeletal structure. (Dex +2, Stealth) [demonic ancestry]
   546 | D:1      | Reached XP level 2. HP: 19/19 MP: 0/5
  1560 | D:2      | Reached skill level 1 in Shields
  1570 | D:2      | Gained mutation: You have a pair of small horns on your head. [demonic ancestry]
  1570 | D:2      | Reached XP level 3. HP: 22/24 MP: 1/6
  1692 | D:2      | Learned a level 3 spell: Mephitic Cloud
  2021 | D:2      | Found a sacrificial altar of Ru.
  2262 | D:3      | Found a stormy altar of Qazlal.
  2264 | D:3      | Noticed a fire elemental
  2265 | D:3      | Noticed an air elemental
  2265 | D:3      | Noticed a water elemental
  2265 | D:3      | Noticed an earth elemental
  2393 | D:3      | Gained mutation: You are immune to rotting. [demonic ancestry]
  2393 | D:3      | Reached XP level 4. HP: 27/30 MP: 5/7
  2930 | D:3      | Gained mutation: You are partially covered in sharp spines. [demonic ancestry]
  2930 | D:3      | Reached XP level 5. HP: 35/35 MP: 6/8
  3023 | D:3      | You fall through a shaft!
  3058 | D:4      | Noticed a phantom
  3861 | D:4      | Reached skill level 1 in Conjurations
  4181 | D:4      | Reached XP level 6. HP: 35/41 MP: 2/9
  4273 | D:4      | Reached skill level 1 in Maces & Flails
  4480 | D:4      | Reached skill level 2 in Conjurations
  4754 | D:4      | Reached skill level 1 in Fighting
  4754 | D:4      | Reached skill level 1 in Air Magic
  4813 | D:5      | Entered Level 5 of the Dungeon
  4821 | D:5      | Gained mutation: You have a moderately thin skeletal structure. (Dex +4, Stealth+) [demonic ancestry]
  4821 | D:5      | Reached XP level 7. HP: 48/48 MP: 7/11
  5026 | D:5      | Found a basalt altar of Yredelemnul.
  5163 | D:5      | Reached skill level 3 in Conjurations
  5191 | D:5      | Found a white marble altar of Elyvilon.
  5243 | D:5      | Learned a level 4 spell: Olgreb's Toxic Radiance
  5599 | D:5      | Found a deep blue altar of Sif Muna.
  5642 | D:5      | Reached XP level 8. HP: 56/56 MP: 4/14
  5667 | D:5      | Reached skill level 5 in Poison Magic
  5731 | D:5      | Reached skill level 4 in Conjurations
  5820 | D:6      | Noticed Grinder
  5825 | D:6      | Killed Grinder
  5906 | D:6      | Reached skill level 5 in Conjurations
  5910 | D:6      | Reached skill level 5 in Spellcasting
  5917 | D:6      | Reached XP level 9. HP: 40/63 MP: 8/16
  5986 | D:6      | Found a sacrificial altar of Ru.
  6505 | D:7      | Reached skill level 6 in Conjurations
  6770 | D:7      | Found a staircase to the Ecumenical Temple.
  6793 | Temple   | Entered the Ecumenical Temple
  6871 | Temple   | Became a worshipper of Vehumet
  6906 | D:7      | Found a bloodstained altar of Trog.
  6954 | D:7      | Found a hazy altar of Hepliaklqana.
  6996 | D:7      | Found an opulent altar of Gozag.
  7001 | D:7      | Found a blossoming altar of Fedhas.
  7249 | D:8      | Noticed a hill giant
  7261 | D:8      | Killed a hill giant
  7261 | D:8      | Reached XP level 10. HP: 49/72 MP: 6/20
  7487 | D:8      | Reached * piety under Vehumet
  7487 | D:8      | Offered knowledge of Flame Tongue by Vehumet.
  7730 | D:8      | Found a bloodstained altar of Trog.
  8067 | D:9      | Offered knowledge of Freeze by Vehumet.
  8069 | D:9      | Reached ** piety under Vehumet
  8314 | D:9      | Reached skill level 7 in Conjurations
  8386 | D:9      | Found a staircase to the Lair.
  8457 | D:9      | Offered knowledge of Dazzling Spray by Vehumet.
  8491 | D:9      | Learned a level 5 spell: Venom Bolt
  8536 | D:9      | Reached skill level 5 in Fighting
  8621 | D:9      | Reached *** piety under Vehumet
  8874 | Lair:1   | Entered Level 1 of the Lair of Beasts
  9007 | Lair:1   | Noticed a spiny frog
  9048 | Lair:1   | Killed a spiny frog
  9053 | Lair:1   | Learned a level 3 spell: Dazzling Spray
  9079 | Lair:1   | Noticed a spiny frog
  9089 | Lair:1   | Killed a spiny frog
  9089 | Lair:1   | Reached skill level 8 in Conjurations
  9225 | Lair:1   | Noticed a black mamba
  9266 | Lair:1   | Killed a black mamba
  9266 | Lair:1   | Offered knowledge of Conjure Flame by Vehumet.
  9340 | Lair:1   | Reached XP level 11. HP: 51/80 MP: 20/23
  9403 | Lair:1   | Reached skill level 5 in Air Magic
  9627 | Lair:1   | Reached skill level 5 in Maces & Flails
 10248 | Lair:2   | Reached **** piety under Vehumet
 10305 | Lair:2   | Offered knowledge of Fireball by Vehumet.
 10988 | Lair:2   | Reached skill level 9 in Conjurations
 11356 | Lair:3   | Noticed Urug
 11375 | Lair:3   | Killed Urug
 11482 | Lair:3   | Found a staircase to the Snake Pit.
 11526 | Lair:3   | Gained mutation: Your muscles are strong. (Str +2) [potion of mutation]
 11526 | Lair:3   | Gained mutation: You passively map a small area around you. [potion of mutation]
 11663 | Lair:3   | Found a staircase to the Shoals.
 12449 | Lair:4   | Found a blossoming altar of Fedhas.
 12460 | Lair:4   | Noticed an oklob plant
 12582 | Lair:4   | Gained mutation: You have a pair of horns on your head. [demonic ancestry]
 12582 | Lair:4   | Reached XP level 12. HP: 76/89 MP: 11/25
 12789 | Lair:4   | Reached ***** piety under Vehumet
 12793 | Lair:4   | Noticed a five-headed hydra
 12795 | Lair:4   | Offered knowledge of Lightning Bolt by Vehumet.
 12801 | Lair:4   | HP: 1/89 [five-headed hydra (4)]
 13253 | Lair:4   | Killed a five-headed hydra
 13843 | Lair:4   | Reached skill level 10 in Conjurations
 14258 | Lair:4   | Learned a level 5 spell: Lightning Bolt
 14315 | Lair:4   | Reached skill level 10 in Spellcasting
 14364 | Lair:5   | Found a staircase to the Slime Pits.
 14452 | Lair:5   | Noticed a seven-headed hydra
 14516 | Lair:5   | Killed a seven-headed hydra
 15301 | Lair:6   | Entered Level 6 of the Lair of Beasts
 15568 | Lair:6   | Identified a scroll of acquirement
 15738 | Lair:6   | Offered knowledge of Lee's Rapid Deconstruction by Vehumet.
 15756 | Lair:6   | Gained mutation: You may emit foul miasma when damaged in melee. [demonic ancestry]
 15756 | Lair:6   | Reached XP level 13. HP: 77/98 MP: 16/27
 16132 | Lair:6   | Got a polished trident
 16133 | Lair:6   | Identified the +10 trident of Metak {freeze, +Blink rElec rF+++ Str-5} (You found it on level 6 of the Lair of Beasts)
 16289 | Lair:6   | Reached skill level 11 in Conjurations
 16538 | D:10     | Entered Level 10 of the Dungeon
 16553 | D:10     | Noticed Erica
 16562 | D:10     | Killed Erica
 16851 | D:10     | Noticed unrecovered's ghost (journeyman GrGl)
 16914 | D:10     | Killed unrecovered's ghost
 17740 | D:11     | Got a faintly glowing ivory ring
 17742 | D:11     | Identified the ring of Urghonke {*Tele rElec rC+++ SInv} (You found it on level 11 of the Dungeon)
 18764 | D:12     | Found a staircase to the Orcish Mines.
 18838 | D:12     | Reached skill level 1 in Hexes
 18873 | D:12     | Found a roughly hewn altar of Beogh.
 19361 | D:12     | Found a shimmering altar of Xom.
 19478 | D:13     | Found a flagged portal.
 19517 | Bailey   | Entered a bailey
 19653 | Bailey   | Noticed KyraPupper's ghost (journeyman HuFi)
 19671 | Bailey   | Killed KyraPupper's ghost
 20264 | D:13     | Reached ****** piety under Vehumet
 20276 | D:13     | Offered knowledge of Conjure Ball Lightning by Vehumet.
 20427 | D:13     | You fall through a shaft for 2 floors!
 20427 | D:15     | Entered Level 15 of the Dungeon
 20500 | D:15     | Learned a level 6 spell: Conjure Ball Lightning
 20639 | D:15     | Reached skill level 1 in Evocations
 20780 | D:14     | Paralysed by a hornet for 2 turns
 21133 | D:14     | Gained mutation: You frequently emit foul miasma when damaged in melee. [demonic ancestry]
 21133 | D:14     | Reached XP level 14. HP: 106/106 MP: 29/29
 22375 | D:14     | Reached skill level 12 in Conjurations
 22747 | D:14     | Offered knowledge of Delayed Fireball by Vehumet.
 22813 | D:14     | HP: 5/106 [vault guard/enchanted halberd (7)]
 22815 | D:14     | Shot with an arrow by a centaur warrior

Skill      XL: |  1  2  3  4  5  6  7  8  9 10 11 12 13 14 |
---------------+-------------------------------------------+-----
Dodging        | 2 3 4 |  4.0
Shields        | 1 2 3 4 |  4.1
Conjurations   | 1 2 3 5 6 8 9 10 11 12 | 12.1
Maces & Flails | 1 2 3 4 5 6 7 |  7.5
Fighting       | 1 2 3 4 5 6 7 8 |  8.9
Spellcasting   | 3 4 5 6 8 9 10 11 | 11.8
Air Magic      | 1 2 3 4 6 7 8 |  8.2
Poison Magic   | 5 6 7 8 9 |  9.4
Hexes          | 1 |  1.6
Evocations     | 1 2 |  2.0
Stealth        | |  1.9

Action                   |  1- 3 |  4- 6 |  7- 9 | 10-12 | 13-15 || total
-------------------------+-------+-------+-------+-------+-------++-------
Melee: Unarmed           |    12 |       |       |       |       ||    12
       Mace              |    62 |    77 |   178 |   450 |       ||   767
       Headbutt          |     4 |     8 |    52 |    90 |    71 ||   225
       Whip              |       |     8 |       |       |       ||     8
       Demon whip        |       |       |       |     6 |   350 ||   356
 Cast: Sting             |    40 |    45 |    35 |    30 |    14 ||   164
       Mephitic Cloud    |       |       |    21 |    46 |    30 ||    97
       Olgreb's Toxic Ra |       |       |     3 |    22 |    16 ||    41
       Venom Bolt        |       |       |       |    54 |    19 ||    73
       Dazzling Spray    |       |       |       |    10 |       ||    10
       Lightning Bolt    |       |       |       |    25 |    75 ||   100
       Conjure Ball Ligh |       |       |       |       |     5 ||     5
Evoke: Wand              |       |       |       |     3 |       ||     3
  Use: Potion            |     7 |     2 |     3 |    15 |     5 ||    32
       Scroll            |     7 |     5 |     4 |    13 |    11 ||    40
 Stab: Sleeping          |     2 |     2 |     6 |     4 |     5 ||    19
       Distracted        |       |     3 |       |     1 |     2 ||     6
       Confused          |       |       |    13 |    22 |     8 ||    43
  Eat: Chunk             |     5 |     7 |    10 |    38 |    35 ||    95
       Fruit             |     1 |     1 |       |       |       ||     2
       Royal jelly       |       |       |       |     1 |     1 ||     2
       Pizza             |       |       |       |     3 |     1 ||     4
       Bread ration      |       |       |       |     1 |     1 ||     2
       Beef jerky        |       |       |       |       |     1 ||     1
Armor: Robe              |     3 |       |       |       |       ||     3
       Leather armour    |    17 |    23 |    49 |   118 |    14 ||   221
       Skin              |       |       |     1 |       |       ||     1
       Mottled dragon sc |       |       |       |       |    28 ||    28
Dodge: Dodged            |    43 |    34 |    71 |   363 |   168 ||   679
Block: Buckler           |    13 |    19 |    38 |   155 |    60 ||   285
